 Dungeon Crawl Stone Soup version 0.19-a0-1401-g902f63d (webtiles) character file.

25 Amnesiac the Grave Robber (level 2, -7/15 HPs)
             Began as a Deep Elf Necromancer on Sept 4, 2016.
             Killed from afar by Natasha (8 damage)
             ... with a magic dart
             ... on level 3 of the Dungeon.
             The game lasted 00:01:32 (822 turns).

Amnesiac the Grave Robber (Deep Elf Necromancer)     Turns: 822, Time: 00:01:33

Health: -7/15      AC:  3    Str:  5    XL:     2   Next: 86%
Magic:  1/8        EV: 14    Int: 19    God:
Gold:   38         SH:  0    Dex: 15    Spells: 1 memorised, 7 levels left

rFire  . . .     SeeInvis .     (no weapon)
rCold  . . .     Gourm    .     a - +0 robe
rNeg   . . .     Faith    .     (no shield)
rPois  .         Spirit   .     (no helmet)
rElec  .         Dismiss  .     f - +0 cloak
rCorr  .         Reflect  .     (no gloves)
MR     .....     Harm     .     (no boots)
Stlth  ++........               (no amulet)
                                (no ring)
                                (no ring)

@: no status effects
A: no striking features
a: no special abilities


You were on level 3 of the Dungeon.
You were not hungry.

You visited 1 branch of the dungeon, and saw 3 of its levels.

You collected 38 gold pieces.

Inventory:

Armour
 a - a +0 robe (worn)
 f - a +0 cloak (worn)
Scrolls
 d - a scroll of identify {unknown}
 e - a scroll of teleportation {unknown}
 g - 3 scrolls of remove curse {unknown}
 i - 2 scrolls of noise {unknown}
 k - a scroll of blinking {unknown}
Books
 b - a book of Necromancy

   Spells                             Type                      Level
   a - Pain                           Necromancy                   1
   b - Animate Skeleton               Necromancy                   1
   c - Vampiric Draining              Necromancy                   3
   d - Regeneration                   Charms/Necromancy            3
   e - Animate Dead                   Necromancy                   4
   f - Control Undead                 Necromancy                   4
Comestibles
 c - a bread ration
 j - a beef jerky


   Skills:
 + Level 3.5 Dodging
 - Level 2.5 Stealth
 - Level 3.5 Spellcasting
 - Level 5.0 Necromancy


You had 7 spell levels left.
You knew the following spells:

 Your Spells              Type           Power        Failure   Level  Hunger
z - Pain                  Necr           ###.         1%          1    None


Dungeon Overview and Level Annotations

Branches:
Dungeon (3/15)

Altars:
Makhleb
Okawaru

Annotations:
D:3 Natasha


Message History

Unknown command.
Casting: Pain
Confirm with . or Enter, or press ? or * to list all spells.
Aiming: Pain
Press: ? - help, Shift-Dir - straight line, f/p - Natasha
Aim: Natasha (severely wounded, chance to defeat MR: 81%) Natasha barely resists.
Natasha closely misses you.
The crimson imp blinks!
Unknown command.
Casting: Pain
Confirm with . or Enter, or press ? or * to list all spells.
Aiming: Pain
Press: ? - help, Shift-Dir - straight line, f/p - Natasha
Aim: Natasha (severely wounded, chance to defeat MR: 81%) Natasha writhes in agony!
Natasha mumbles some strange words.
Natasha's fingertips start to glow.
Natasha stares at you and mumbles some strange words.
The magic dart hits you!
Ouch! That really hurt!
You die...

#.# .# ## #.##.#....
...§... #.<†......
...... ##.#.##... .....
#.#.# #.5.# #.#.# #...#
####.#.## #...#
#.......# #h..#
.##.##.##.######@..#
.....#.............#
.............####..#
###..#..#.#..#........
#...<..............###.
..#..#..#.#..#...#.. #
#..#..#.#..#####.## ...
#......... .# ###
####.######


You could see Natasha and a crimson imp.

Vanquished Creatures
  An adder (D:3)
  2 bats
  A giant cockroach (D:3)
  A goblin (D:1)
  4 hobgoblins
  2 giant newts
  4 kobolds
  A rat (D:1)
16 creatures vanquished.

Notes
Turn   | Place    | Note
-------+----------+-------------------------------------------
     0 | D:1      | Amnesiac the Deep Elf Necromancer began the quest for the Orb.
     0 | D:1      | Reached XP level 1. HP: 10/10 MP: 6/6
   336 | D:2      | Reached XP level 2. HP: 12/15 MP: 4/8
   435 | D:2      | Found a burning altar of Makhleb.
   452 | D:2      | Found an iron altar of Okawaru.
   489 | D:2      | Reached skill level 5 in Necromancy
   777 | D:3      | Noticed Natasha
   819 | D:3      | Noticed a crimson imp
   822 | D:3      | Killed from afar by Natasha

Vault maps used:
D:1:      lemuel_arrival_room
D:2:      lemuel_doored_altar, lemuel_coloured_pillars_altar,
          nicolae_tso_carved_into_rock, first_bread, corexii_shack,
          okawaru_ov_weapons_minmay
D:3:      lemuel_zombie_altar_yredelemnul, uniq_natasha

Skill      XL: |  1  2 |
---------------+-------+-----
Necromancy     | 5 |  5.0
Dodging        | 3 |  3.5
Stealth        | |  2.5
Spellcasting   | |  3.5

Action                   || total
-------------------------++-------
 Cast: Pain              ||    34
  Use: Potion            ||     2
Dodge: Dodged            ||     3
